[ AOE2 MATCH · #494589586 ]
UnrankedSpanish vs Tupi
Player's team · LOSS
Rival team · WIN
[ REPLAY ANALYSIS · EXTRACTED FROM THE RECORDED GAME ]
Feudal
8:50
Castle
22:57
Imperial
36:23
| APM avg | 63.6 |
| APM peak | 111 |
| eAPM avg | 26.8 |
| Villagers / military | 113 / 36 |
Focus
⚔️ 31.4% · 🌾 68.6%
Skirmisher ×18 · Archer ×6 · Mangonel ×4 · Battering Ram ×3 · Scout Cavalry ×2 · Monk ×1
Feudal
8:27
Castle
23:25
Imperial
34:24
| APM avg | 65.2 |
| APM peak | 94 |
| eAPM avg | 31.8 |
| Villagers / military | 204 / 38 |
Focus
⚔️ 45.5% · 🌾 54.5%
Unknown (2579) ×42 · Skirmisher ×12 · Spearman ×8 · Monk ×7 · Trebuchet (Packed) ×7 · Mangonel ×4
Match map
Initial resources + every placement click. Lines = walls · curves = elevation contours. ◆ gold · ⬟ stone · ● berries · ✦ relic · ◌ wall gap
Your base· Open — opponent sealed themselves in
OS+ | NeoZz's base· ✓ Closed at 23:25 · 81t walls · no gate
Smoothed initial terrain · ◌ = detected wall gap · hover for details
Inputs per minute
— squashy_aoe - - OS+ | NeoZz
Build order — squashy_aoe
First 150 of 303 actions detected
| 0:00 | Create | Villager (Male) |
| 0:01 | Build | House |
| 0:02 | Build | House |
| 0:15 | Create | Villager (Male) |
| 0:15 | Create | Villager (Male) |
| 0:15 | Create | Villager (Male) |
| 1:23 | Create | Villager (Male) |
| 1:53 | Build | Lumber Camp |
| 1:56 | Create | Villager (Male) |
| 1:56 | Create | Villager (Male) |
| 2:23 | Create | Villager (Male) |
| 2:43 | Create | Villager (Male) |
| 3:18 | Create | Villager (Male) |
| 3:37 | Create | Villager (Male) |
| 3:51 | Build | House |
| 3:54 | Create | Villager (Male) |
| 4:15 | Build | Mill |
| 4:25 | Create | Villager (Male) |
| 4:56 | Create | Villager (Male) |
| 5:23 | Create | Villager (Male) |
| 5:43 | Create | Villager (Male) |
| 5:43 | Research | Loom |
| 6:36 | Research | Feudal Age |
| 6:57 | Build | Mining Camp |
| 7:16 | Build | Barracks |
| 7:27 | Create | Villager (Male) |
| 7:39 | Build | Mining Camp |
| 7:45 | Build | Palisade Wall |
| 8:11 | Build | House |
| 8:21 | Create | Villager (Male) |
| 8:50 | Age | Feudal Age |
| 8:53 | Create | Villager (Male) |
| 8:54 | Build | Archery Range |
| 9:08 | Build | Palisade Wall |
| 9:10 | Create | Villager (Male) |
| 9:23 | Build | Blacksmith |
| 9:27 | Build | House |
| 9:43 | Research | Double-Bit Axe |
| 9:49 | Create | Archer |
| 9:56 | Create | Villager (Male) |
| 10:03 | Research | Fletching |
| 10:07 | Build | Palisade Wall |
| 10:12 | Build | Palisade Wall |
| 10:14 | Build | Palisade Wall |
| 10:15 | Build | Palisade Wall |
| 10:15 | Create | Villager (Male) |
| 10:28 | Build | Palisade Wall |
| 10:47 | Create | Villager (Male) |
| 10:50 | Build | Lumber Camp |
| 10:54 | Create | Archer |
| 11:18 | Build | Mill |
| 11:19 | Create | Villager (Male) |
| 11:57 | Build | Farm |
| 12:05 | Build | Outpost |
| 12:12 | Build | Farm |
| 12:15 | Create | Villager (Male) |
| 12:27 | Build | Farm |
| 12:34 | Build | Farm |
| 12:38 | Create | Villager (Male) |
| 12:42 | Create | Archer |
| 12:44 | Build | House |
| 12:50 | Build | Palisade Wall |
| 13:07 | Create | Villager (Male) |
| 13:10 | Build | Farm |
| 13:22 | Create | Archer |
| 13:36 | Create | Villager (Male) |
| 13:39 | Create | Villager (Male) |
| 13:45 | Build | Farm |
| 13:55 | Build | Farm |
| 14:11 | Create | Villager (Male) |
| 14:20 | Create | Villager (Male) |
| 14:29 | Build | House |
| 14:35 | Build | Palisade Gate |
| 14:41 | Build | Palisade Gate |
| 15:03 | Create | Villager (Male) |
| 15:18 | Build | Stable |
| 15:21 | Build | House |
| 15:29 | Create | Archer |
| 15:41 | Create | Archer |
| 15:44 | Create | Villager (Male) |
| 15:46 | Build | House |
| 15:49 | Create | Scout Cavalry |
| 15:51 | Build | Palisade Wall |
| 15:52 | Build | Palisade Wall |
| 15:52 | Build | Palisade Wall |
| 15:56 | Build | Palisade Wall |
| 16:01 | Build | Farm |
| 16:12 | Build | House |
| 16:14 | Build | House |
| 16:15 | Build | Palisade Wall |
| 16:29 | Build | Watch Tower |
| 16:34 | Create | Villager (Male) |
| 16:38 | Create | Scout Cavalry |
| 16:43 | Build | Farm |
| 16:52 | Create | Villager (Male) |
| 17:13 | Build | Mining Camp |
| 17:29 | Create | Villager (Male) |
| 17:31 | Create | Skirmisher |
| 17:44 | Create | Villager (Male) |
| 17:59 | Create | Villager (Male) |
| 18:05 | Create | Villager (Male) |
| 18:17 | Create | Villager (Male) |
| 18:26 | Build | Market |
| 18:29 | Build | Palisade Gate |
| 18:31 | Build | Palisade Wall |
| 18:44 | Build | House |
| 18:46 | Build | House |
| 18:51 | Build | Palisade Wall |
| 19:10 | Build | Lumber Camp |
| 19:22 | Build | House |
| 19:23 | Build | House |
| 19:34 | Build | House |
| 19:44 | Build | Market |
| 19:47 | Create | Villager (Male) |
| 20:05 | Build | Watch Tower |
| 20:13 | Build | House |
| 20:15 | Build | Palisade Wall |
| 20:17 | Research | Castle Age |
| 20:17 | Research | Castle Age |
| 20:34 | Build | Farm |
| 20:52 | Build | House |
| 20:54 | Build | House |
| 20:56 | Build | House |
| 20:59 | Build | House |
| 21:02 | Build | House |
| 21:12 | Create | Villager (Male) |
| 21:14 | Build | Palisade Wall |
| 21:17 | Build | Palisade Wall |
| 21:18 | Build | Palisade Wall |
| 21:19 | Build | Palisade Wall |
| 21:38 | Research | Gold Mining |
| 21:49 | Build | Farm |
| 21:51 | Research | Horse Collar |
| 21:55 | Build | Farm |
| 21:57 | Build | Farm |
| 22:33 | Build | Farm |
| 22:36 | Build | Farm |
| 22:57 | Age | Castle Age |
| 23:01 | Build | Siege Workshop |
| 23:02 | Create | Villager (Male) |
| 23:09 | Create | Villager (Male) |
| 23:33 | Create | Mangonel |
| 24:06 | Build | Town Center |
| 24:12 | Create | Villager (Male) |
| 24:17 | Research | Bow Saw |
| 24:21 | Create | Knight |
| 24:25 | Create | Villager (Male) |
| 24:30 | Build | House |
| 24:49 | Build | Town Center |
| 25:04 | Create | Villager (Male) |
Build order — OS+ | NeoZz
First 150 of 392 actions detected
| 0:01 | Create | Villager (Male) |
| 0:02 | Create | Villager (Male) |
| 0:02 | Create | Villager (Male) |
| 0:03 | Build | House |
| 0:04 | Build | House |
| 0:05 | Create | Villager (Male) |
| 1:01 | Create | Villager (Male) |
| 1:03 | Build | Settlement |
| 1:38 | Create | Villager (Male) |
| 1:38 | Create | Villager (Male) |
| 2:18 | Create | Villager (Male) |
| 2:18 | Create | Villager (Male) |
| 2:54 | Create | Villager (Male) |
| 2:54 | Create | Villager (Male) |
| 3:22 | Create | Villager (Male) |
| 3:45 | Create | Villager (Male) |
| 3:54 | Create | Villager (Male) |
| 3:54 | Create | Villager (Male) |
| 4:04 | Create | Villager (Male) |
| 4:25 | Create | Villager (Male) |
| 4:47 | Create | Villager (Male) |
| 4:47 | Create | Villager (Male) |
| 5:51 | Research | Loom |
| 5:57 | Build | Barracks |
| 6:05 | Build | Barracks |
| 6:17 | Research | Feudal Age |
| 6:41 | Build | House |
| 7:02 | Create | Unit 2550 |
| 7:03 | Create | Unit 2550 |
| 7:05 | Research | Loom |
| 7:18 | Create | Unit 2550 |
| 7:27 | Build | Settlement |
| 8:06 | Create | Villager (Male) |
| 8:25 | Build | Palisade Wall |
| 8:27 | Age | Feudal Age |
| 8:32 | Research | Tech 1402 |
| 8:42 | Create | Villager (Male) |
| 8:49 | Create | Villager (Male) |
| 8:57 | Create | Villager (Male) |
| 9:05 | Create | Villager (Male) |
| 9:14 | Build | Watch Tower |
| 9:17 | Create | Villager (Male) |
| 9:20 | Create | Villager (Male) |
| 9:28 | Build | Palisade Wall |
| 9:29 | Build | Palisade Wall |
| 9:29 | Build | Palisade Wall |
| 9:30 | Build | Palisade Wall |
| 9:39 | Build | Archery Range |
| 9:42 | Create | Villager (Male) |
| 10:02 | Build | House |
| 10:03 | Build | Palisade Wall |
| 10:09 | Build | Palisade Wall |
| 10:10 | Build | Palisade Wall |
| 10:11 | Build | Palisade Wall |
| 10:12 | Build | Palisade Wall |
| 10:21 | Build | Palisade Wall |
| 10:21 | Build | Palisade Wall |
| 10:23 | Build | Palisade Wall |
| 10:24 | Build | Palisade Wall |
| 10:29 | Create | Villager (Male) |
| 10:30 | Create | Skirmisher |
| 10:41 | Create | Skirmisher |
| 10:50 | Create | Villager (Male) |
| 10:51 | Create | Villager (Male) |
| 10:51 | Create | Villager (Male) |
| 11:13 | Build | Settlement |
| 11:24 | Create | Skirmisher |
| 11:29 | Create | Villager (Male) |
| 11:43 | Research | Double-Bit Axe |
| 11:46 | Create | Skirmisher |
| 11:55 | Build | Farm |
| 12:00 | Create | Spearman |
| 12:13 | Create | Villager (Male) |
| 12:13 | Create | Villager (Male) |
| 12:16 | Build | Farm |
| 12:20 | Create | Skirmisher |
| 12:37 | Create | Villager (Male) |
| 12:40 | Build | Farm |
| 12:43 | Build | Farm |
| 12:55 | Build | Farm |
| 12:59 | Create | Skirmisher |
| 13:10 | Create | Villager (Male) |
| 13:17 | Build | House |
| 13:18 | Build | Farm |
| 13:29 | Create | Skirmisher |
| 13:41 | Create | Villager (Male) |
| 13:41 | Create | Villager (Male) |
| 13:42 | Build | Farm |
| 13:44 | Create | Skirmisher |
| 14:04 | Build | Watch Tower |
| 14:08 | Build | House |
| 14:10 | Build | Palisade Wall |
| 14:10 | Build | Palisade Wall |
| 14:11 | Create | Villager (Male) |
| 14:18 | Create | Villager (Male) |
| 14:34 | Create | Villager (Male) |
| 14:38 | Build | Blacksmith |
| 14:49 | Create | Skirmisher |
| 14:51 | Create | Villager (Male) |
| 15:07 | Create | Villager (Male) |
| 15:11 | Build | Settlement |
| 15:23 | Research | Fletching |
| 15:30 | Build | Stone Wall |
| 15:31 | Build | Stone Wall |
| 15:32 | Build | Stone Wall |
| 15:32 | Build | Stone Wall |
| 15:33 | Build | Stone Wall |
| 15:33 | Build | Stone Wall |
| 15:33 | Build | Stone Wall |
| 15:34 | Build | Stone Wall |
| 15:35 | Create | Villager (Male) |
| 15:38 | Create | Skirmisher |
| 15:48 | Build | Palisade Wall |
| 15:50 | Build | Palisade Wall |
| 15:52 | Build | Palisade Wall |
| 15:52 | Create | Villager (Male) |
| 15:54 | Build | Farm |
| 16:14 | Create | Villager (Male) |
| 16:16 | Build | Farm |
| 16:31 | Build | Farm |
| 16:32 | Create | Villager (Male) |
| 16:34 | Build | Farm |
| 16:36 | Build | House |
| 16:40 | Build | Palisade Wall |
| 16:50 | Create | Spearman |
| 16:59 | Create | Villager (Male) |
| 17:00 | Create | Villager (Male) |
| 17:06 | Build | Palisade Wall |
| 17:12 | Build | Farm |
| 17:15 | Build | Farm |
| 17:18 | Create | Villager (Male) |
| 17:24 | Build | Farm |
| 17:29 | Build | Farm |
| 17:48 | Build | Palisade Wall |
| 17:48 | Build | Palisade Wall |
| 17:54 | Build | Stone Wall |
| 17:55 | Build | Stone Wall |
| 18:05 | Build | Stone Wall |
| 18:07 | Create | Spearman |
| 18:08 | Build | Farm |
| 18:09 | Build | Farm |
| 18:13 | Build | Stone Wall |
| 18:13 | Build | Stone Wall |
| 18:20 | Build | Farm |
| 18:21 | Create | Spearman |
| 18:22 | Create | Skirmisher |
| 18:23 | Research | Padded Archer Armor |
| 18:26 | Create | Spearman |
| 18:42 | Build | Farm |
| 18:43 | Build | Farm |
Match timeline
| 5:57 | OS+ | NeoZz · first_building Barracks |
| 7:16 | squashy_aoe · first_building Barracks |
| 7:45 | squashy_aoe · wall_segment Palisade Wall x1 |
| 8:25 | OS+ | NeoZz · wall_segment Palisade Wall x1 |
| 8:27 | OS+ | NeoZz · age_up feudal |
| 8:50 | squashy_aoe · age_up feudal |
| 8:54 | squashy_aoe · first_building Archery Range |
| 9:08 | squashy_aoe · wall_segment Palisade Wall x1 |
| 9:28 | OS+ | NeoZz · wall_segment Palisade Wall x3 |
| 9:29 | OS+ | NeoZz · wall_segment Palisade Wall x3 |
| 9:29 | OS+ | NeoZz · wall_segment Palisade Wall x3 |
| 9:30 | OS+ | NeoZz · wall_segment Palisade Wall x2 |
| 9:39 | OS+ | NeoZz · first_building Archery Range |
| 10:03 | OS+ | NeoZz · wall_segment Palisade Wall x4 |
| 10:07 | squashy_aoe · wall_segment Palisade Wall x1 |
| 10:09 | OS+ | NeoZz · wall_segment Palisade Wall x3 |
| 10:10 | OS+ | NeoZz · wall_segment Palisade Wall x3 |
| 10:11 | OS+ | NeoZz · wall_segment Palisade Wall x1 |
| 10:12 | OS+ | NeoZz · wall_segment Palisade Wall x1 |
| 10:12 | squashy_aoe · wall_segment Palisade Wall x1 |
| 10:14 | squashy_aoe · wall_segment Palisade Wall x1 |
| 10:15 | squashy_aoe · wall_segment Palisade Wall x1 |
| 10:21 | OS+ | NeoZz · wall_segment Palisade Wall x1 |
| 10:21 | OS+ | NeoZz · wall_segment Palisade Wall x1 |
| 10:23 | OS+ | NeoZz · wall_segment Palisade Wall x1 |
| 10:24 | OS+ | NeoZz · wall_segment Palisade Wall x1 |
| 10:28 | squashy_aoe · wall_segment Palisade Wall x1 |
| 12:50 | squashy_aoe · wall_segment Palisade Wall x7 |
| 14:10 | OS+ | NeoZz · wall_segment Palisade Wall x3 |
| 14:10 | OS+ | NeoZz · wall_segment Palisade Wall x1 |
| 15:18 | squashy_aoe · first_building Stable |
| 15:30 | OS+ | NeoZz · wall_segment Stone Wall x1 |
| 15:31 | OS+ | NeoZz · wall_segment Stone Wall x1 |
| 15:32 | OS+ | NeoZz · wall_segment Stone Wall x1 |
| 15:32 | OS+ | NeoZz · wall_segment Stone Wall x1 |
| 15:33 | OS+ | NeoZz · wall_segment Stone Wall x1 |
| 15:33 | OS+ | NeoZz · wall_segment Stone Wall x1 |
| 15:33 | OS+ | NeoZz · wall_segment Stone Wall x1 |
| 15:34 | OS+ | NeoZz · wall_segment Stone Wall x1 |
| 15:48 | OS+ | NeoZz · wall_segment Palisade Wall x6 |
| 15:50 | OS+ | NeoZz · wall_segment Palisade Wall x4 |
| 15:51 | squashy_aoe · wall_segment Palisade Wall x1 |
| 15:52 | squashy_aoe · wall_segment Palisade Wall x1 |
| 15:52 | OS+ | NeoZz · wall_segment Palisade Wall x7 |
| 15:52 | squashy_aoe · wall_segment Palisade Wall x1 |
| 15:56 | squashy_aoe · wall_segment Palisade Wall x10 |
| 16:15 | squashy_aoe · wall_segment Palisade Wall x1 |
| 16:40 | OS+ | NeoZz · wall_segment Palisade Wall x13 |
| 17:06 | OS+ | NeoZz · wall_segment Palisade Wall x2 |
| 17:48 | OS+ | NeoZz · wall_segment Palisade Wall x1 |
| 17:48 | OS+ | NeoZz · wall_segment Palisade Wall x1 |
| 17:54 | OS+ | NeoZz · wall_segment Stone Wall x1 |
| 17:55 | OS+ | NeoZz · wall_segment Stone Wall x1 |
| 18:05 | OS+ | NeoZz · wall_segment Stone Wall x1 |
| 18:13 | OS+ | NeoZz · wall_segment Stone Wall x1 |
| 18:13 | OS+ | NeoZz · wall_segment Stone Wall x1 |
| 18:31 | squashy_aoe · wall_segment Palisade Wall x1 |
| 18:51 | squashy_aoe · wall_segment Palisade Wall x1 |
| 19:42 | OS+ | NeoZz · wall_segment Palisade Wall x7 |
| 19:43 | OS+ | NeoZz · wall_segment Palisade Wall x1 |
| 19:43 | OS+ | NeoZz · wall_segment Palisade Wall x1 |
| 20:15 | squashy_aoe · wall_segment Palisade Wall x1 |
| 20:16 | squashy_aoe · first_market_buy 100 food |
| 21:14 | squashy_aoe · wall_segment Palisade Wall x1 |
| 21:17 | squashy_aoe · wall_segment Palisade Wall x1 |
| 21:18 | squashy_aoe · wall_segment Palisade Wall x1 |
| 21:19 | squashy_aoe · wall_segment Palisade Wall x1 |
| 21:42 | OS+ | NeoZz · wall_segment Palisade Wall x1 |
| 21:42 | OS+ | NeoZz · wall_segment Palisade Wall x1 |
| 21:43 | OS+ | NeoZz · wall_segment Palisade Wall x1 |
| 21:43 | OS+ | NeoZz · wall_segment Palisade Wall x1 |
| 21:44 | OS+ | NeoZz · wall_segment Palisade Wall x1 |
| 21:44 | OS+ | NeoZz · wall_segment Palisade Wall x1 |
| 22:17 | OS+ | NeoZz · wall_segment Stone Wall x1 |
| 22:57 | squashy_aoe · age_up castle |
| 23:01 | squashy_aoe · first_building Siege Workshop |
| 23:21 | OS+ | NeoZz · wall_segment Palisade Wall x1 |
| 23:25 | OS+ | NeoZz · age_up castle |
| 24:51 | OS+ | NeoZz · first_building Monastery |
| 25:20 | OS+ | NeoZz · first_building Siege Workshop |
| 26:06 | squashy_aoe · first_building Monastery |
| 29:16 | OS+ | NeoZz · first_building Castle |
| 30:40 | squashy_aoe · first_market_sell 500 wood |
| 30:48 | squashy_aoe · first_building Castle |
| 34:24 | OS+ | NeoZz · age_up imperial |
| 35:54 | OS+ | NeoZz · first_market_sell 100 food |
| 36:16 | OS+ | NeoZz · first_market_buy 500 stone |
| 36:23 | squashy_aoe · age_up imperial |
| 38:23 | squashy_aoe · resign |
[ AI ANALYSIS · 1 CREDIT ]
What really happened in this match?
Wolo.gg analyzes every decision: build order, eco, micro, common mistakes by bracket. Personalized analysis on WhatsApp or Discord in 30 seconds.
Civ guide
Spanish
Perfil
Jugador #11441215